 Dungeon Crawl Stone Soup version 0.22.0-6-g71bd7aa6b3 (webtiles) character file.

1043 Fv001 the Stinger (level 8, -2/58 HPs)
             Began as a Formicid Venom Mage on Aug 16, 2018.
             Slain by Joseph
             ... wielding a +0 quarterstaff
              (7 damage)
             ... on level 7 of the Dungeon.
             The game lasted 00:20:37 (7576 turns).

Fv001 the Stinger (Formicid Venom Mage)             Turns: 7576, Time: 00:20:37

Health: -2/58      AC:  3    Str: 13    XL:     8   Next: 49%
Magic:  1/13       EV: 13    Int: 17    God:
Gold:   319        SH:  0    Dex: 11    Spells: 6/14 levels left

rFire    . . .     SeeInvis +   a - +0 mace
rCold    . . .     Gourm    .   (no shield)
rNeg     . . .     Faith    .   b - +0 robe
rPois    .         Spirit   .   (helmet unavailable)
rElec    .         Reflect  .   e - +0 cloak
rCorr    .         Harm     .   (no gloves)
MR       .....                  (no boots)
Stlth    ++........             (no amulet)
HPRegen  0.19/turn              (no ring)
MPRegen  0.13/turn              (no ring)

@: no status effects
A: permanent stasis, dig shafts and tunnels, four strong arms, antennae 3
a: Dig, Shaft Self


You were on level 7 of the Dungeon.
You were very hungry.

You visited 2 branches of the dungeon, and saw 8 of its levels.

You collected 319 gold pieces.

Inventory:

Hand Weapons
 a - a +0 mace (weapon)
Armour
 b - a +0 robe (worn)
 e - a +0 cloak (worn)
 f - a +0 leather armour
Scrolls
 g - 3 scrolls of remove curse
 o - a scroll of amnesia
 p - a scroll of teleportation {unknown}
Potions
 d - a potion of ambrosia
 h - a potion of might
 i - a potion of degeneration {unknown}
 j - 2 potions of resistance
 k - a potion of heal wounds {unknown}
 l - 2 potions of curing
 q - a potion of magic {unknown}
Comestibles
 c - 19 rations


   Skills:
 + Level 3.2 Fighting
 + Level 2.8 Maces & Flails
 + Level 3.2 Armour
 + Level 3.4 Dodging
 - Level 3.0 Stealth
 + Level 3.7 Spellcasting
 + Level 2.9 Conjurations
 + Level 0.6 Hexes
 + Level 0.3 Ice Magic
 + Level 2.3 Air Magic
 + Level 5.9 Poison Magic


You had 6 spell levels left.
You knew the following spells:

 Your Spells              Type           Power        Failure   Level  Hunger
a - Sting                 Conj/Pois      ###.         2%          1    None
b - Poisonous Vapours     Pois/Air       ###...       4%          2    ##.....
c - Ensorcelled Hibernat  Hex/Ice        #.....       21%         2    ##.....
d - Dazzling Spray        Conj/Hex       #.....       24%         3    ###....

Your spell library contained the following spells:

 Spells                   Type           Power        Failure   Level  Hunger
 Confuse                  Hex            #.......     36%         3    ###....
 Mephitic Cloud           Conj/Pois/Air  ###.....     11%         3    ###....
 Venom Bolt               Conj/Pois      ###.......   58%         5    ######.
 Olgreb's Toxic Radiance  Pois           ###.....     14%         4    ####...
 Tukima's Dance           Hex            #.......     36%         3    ###....
 Corona                   Hex            #......      13%         1    None


Dungeon Overview and Level Annotations

Branches:
Dungeon (7/15)             Temple (1/1) D:6

Altars:
Ashenzari
Dithmenos
Elyvilon
Fedhas
Gozag
Hepliaklqana
Kikubaaqudgha
Makhleb
Nemelex Xobeh
Okawaru
Qazlal
Ru
Sif Muna
Trog
Uskayaw
Vehumet
Wu Jian
Xom
Yredelemnul
Zin
The Shining One

Shops:
D:4 [

Annotations:
D:5 Menkaure
D:7 Joseph


Innate Abilities, Weirdness & Mutations

You cannot be hasted, slowed, berserked, paralysed or teleported.
You can dig through walls and to a lower floor.
Your four strong arms can wield two-handed weapons with a shield.
You have a pair of large antennae on your head. (SInv)


Message History

Casting: Poisonous Vapours (safe; 4% risk of failure)
Confirm with . or Enter, or press ? or * to list all spells.
Aiming: Poisonous Vapours (safe; 4% risk of failure)
Press: ? - help, Dir - move target cursor, f/p - Joseph
Aim: Joseph, wielding a quarterstaff and wearing a ring mail (heavily wounded, poisoned) Poisonous vapours surround Joseph!
Joseph looks even sicker.
Joseph closely misses you.
You hit Joseph.
Joseph is heavily wounded.
Joseph hits you with a quarterstaff.
You hit Joseph.
Joseph is severely wounded.
Joseph hits you with a quarterstaff.
An ogre comes into view. It is wielding a giant spiked club.
You hit Joseph.
Joseph is severely wounded.
Joseph hits you with a quarterstaff!
* * * LOW HITPOINT WARNING * * *
Joseph hits you with a quarterstaff!
You die...

....# ....# #
.....# ..
.....# #..#
#....(#
#....###..^....
#..$........#
#...@..[....
.......@######.
.........
..#####... .
####. .. .. ..


You could see Joseph.

Vanquished Creatures
  A steam dragon (D:5)
  A sky beast (D:5)
  A centaur (D:5)
  An ogre (D:5)
  2 bullfrogs (D:6)
  A wyvern skeleton (D:6)
  A howler monkey (D:4)
  A jelly (D:4)
  2 orc priests
  3 orc wizards (D:4)
  2 worker ants (D:6)
  A hound skeleton (D:4)
  8 adders
  3 shadow imps
  2 oozes
  An adder skeleton (D:4)
  A worm (D:4)
  A dart slug (D:1)
  7 leopard geckos
  11 orcs
  4 giant cockroaches
  8 goblins
  4 hobgoblins
  7 jackals
  3 quokkas
  8 bats
  3 frilled lizards
  10 kobolds
  5 rats (D:1)
103 creatures vanquished.

Notes
Turn   | Place    | Note
-------+----------+-------------------------------------------
     0 | D:1      | Fv001 the Formicid Venom Mage began the quest for the Orb.
     0 | D:1      | Reached XP level 1. HP: 13/13 MP: 3/3
   200 | D:1      | Reached skill level 1 in Conjurations
   273 | D:1      | Reached XP level 2. HP: 19/19 MP: 0/5
   311 | D:1      | Learned a level 2 spell: Poisonous Vapours
   728 | D:1      | Reached XP level 3. HP: 25/25 MP: 1/6
  1546 | D:2      | Reached skill level 1 in Armour
  1635 | D:2      | Reached XP level 4. HP: 31/31 MP: 3/7
  1896 | D:2      | Found a faded altar of an unknown god.
  2249 | D:3      | Reached skill level 1 in Fighting
  2249 | D:3      | Reached skill level 1 in Maces & Flails
  2249 | D:3      | Reached XP level 5. HP: 29/37 MP: 0/9
  3168 | D:4      | Found Wahuesau's Armour Emporium.
  3638 | D:4      | Reached skill level 1 in Air Magic
  3638 | D:4      | Reached XP level 6. HP: 37/43 MP: 3/10
  3846 | D:4      | Reached skill level 5 in Poison Magic
  4320 | D:5      | Entered Level 5 of the Dungeon
  4347 | D:5      | Noticed a sky beast
  4362 | D:5      | Killed a sky beast
  4362 | D:5      | Reached XP level 7. HP: 50/50 MP: 3/11
  4517 | D:5      | Noticed a steam dragon
  4534 | D:5      | Killed a steam dragon
  4737 | D:5      | Noticed Menkaure
  4897 | D:4      | Reached XP level 8. HP: 12/57 MP: 5/13
  6539 | D:6      | Learned a level 2 spell: Ensorcelled Hibernation
  6550 | D:6      | Found a white marble altar of Elyvilon.
  6755 | D:6      | Found a staircase to the Ecumenical Temple.
  6763 | Temple   | Entered the Ecumenical Temple
  7319 | D:6      | Learned a level 3 spell: Dazzling Spray
  7564 | D:7      | Noticed Joseph
  7576 | D:7      | Slain by Joseph

Skill      XL: |  1  2  3  4  5  6  7  8 |
---------------+-------------------------+-----
Conjurations   | 1 2 |  2.9
Dodging        | 2 3 |  3.4
Armour         | 1 2 3 |  3.2
Fighting       | 1 2 3 |  3.2
Maces & Flails | 1 2 |  2.8
Stealth        | 3 |  3.0
Air Magic      | 1 2 |  2.3
Spellcasting   | 3 |  3.7
Poison Magic   | 5 |  5.9
Hexes          | |  0.6
Ice Magic      | |  0.3

Action                   |  1- 3 |  4- 6 |  7- 9 || total
-------------------------+-------+-------+-------++-------
Melee: Club              |    24 |       |       ||    24
       Unarmed           |     2 |       |       ||     2
       Mace              |     6 |    76 |   225 ||   307
       Whip              |     2 |       |       ||     2
Throw: Tomahawk          |       |       |     6 ||     6
 Cast: Sting             |    45 |    37 |    17 ||    99
       Poisonous Vapours |     8 |    38 |    32 ||    78
       Ensorcelled Hiber |       |       |     4 ||     4
       Dazzling Spray    |       |       |     4 ||     4
 Abil: Dig               |       |       |     1 ||     1
  Use: Scroll            |       |     5 |     3 ||     8
       Potion            |       |       |     1 ||     1
 Stab: Sleeping          |     1 |     2 |     3 ||     6
       Invisible         |       |       |     1 ||     1
  Eat: Chunk             |     3 |     8 |     8 ||    19
       Ration            |       |     1 |     1 ||     2
Armor: Robe              |     8 |    15 |    36 ||    59
Dodge: Dodged            |    36 |    46 |   169 ||   251
